 Dungeon Crawl Stone Soup version 0.30.0-19-g36f170ea60 (webtiles) character file.

Game seed: 9836066506696467269

20971 AiryTheDragon the Thaumaturge (level 12, -7/138 HPs)
             Began as a Purple Draconian Transmuter on June 1, 2023.
             Was a Priest of Nemelex Xobeh.
             Mangled by a five-headed hydra (12 damage)
             ... on level 2 of the Lair of Beasts on June 2, 2023.
             The game lasted 03:30:34 (14306 turns).

AiryTheDragon the Thaumaturge (DrTm)               Turns: 14306, Time: 03:30:35

Health: -7/138     AC: 10    Str: 17    XL:     12   Next: 50%
Magic:  20/25      EV: 12    Int: 19    God:    Nemelex Xobeh [***...]
Gold:   841        SH:  9    Dex: 13    Spells: 0/30 levels left

rFire   . . .        f - +4 short sword (venom)
rCold   . . .        N - +0 kite shield
rNeg    . . .        (body armour unavailable)
rPois   .            (helmet currently unavailable)
rElec   .            S - +0 cloak "Yntic" {Rampage}
rCorr   +            n - +0 pair of gloves
SInv    .            o - melded +0 pair of boots
Will    +....        W - amulet of the acrobat Stlth
                     L - +6 ring of intelligence
HPRegen 0.43/turn    d - ring of resist corrosion
MPRegen 0.19/turn

%: acrobat, rampage
@: berserking, appendages, very quick
A: horns 2, talons 2, breathe power, AC +8, unfitting armour, cold-blooded,
mutation resistance 1, subdued magic 1
a: Breathe Dispelling Energy, End Transformation, Renounce Religion, Draw
Escape, Draw Destruction, Draw Summoning, Triple Draw


You were on level 2 of the Lair of Beasts.
You worshipped Nemelex Xobeh.
Nemelex Xobeh was most pleased with you.
You had temporarily grown beastly horns and talons.
You visited 3 branches of the dungeon, and saw 15 of its levels.
You also visited: Bailey.

You collected 997 gold pieces.
You spent 156 gold pieces at shops.

Inventory:

Hand Weapons
 c - a +2 falchion of electrocution
 f - a +4 short sword of venom (weapon)
 i - the +6 hand axe "Adiquaq" {speed, Will+ Str+3 Stlth+}
   (You found it on level 1 of the Lair of Beasts)

   Str:       It affects your strength (+3).
   Will:      It increases your willpower.
   Stlth:     It makes you more stealthy.
 B - a +2 falchion of holy wrath
 D - the +6 quarterstaff of the Dark Horse {heavy, rPois Dex+3}
   (You found it on level 1 of the Lair of Beasts)

   Dex:       It affects your dexterity (+3).
   rPois:     It protects you from poison.
 P - a +3 spear
 Q - a +3 trident
 R - a +5 longbow of draining
Missiles
 k - 3 silver boomerangs
 z - 54 poisoned darts
 V - 10 curare-tipped darts
Armour
 j - a scarf of resistance
 n - a +0 pair of gloves (worn)
 o - a +0 pair of boots (melded)
 N - a +0 kite shield (worn)
 S - the +0 cloak "Yntic" (worn) {Rampage}
   (You found it in a bailey)

   Rampage:   It bestows one free step when moving towards enemies.
 U - an orb of light
Magical Staves
 r - a staff of air
Jewellery
 d - a ring of resist corrosion (right hand)
 C - a ring of willpower
 E - a ring of fire
 F - a ring of poison resistance
 L - a +6 ring of intelligence (left hand)
 M - a +6 ring of dexterity
 O - a ring of positive energy
 W - an amulet of the acrobat (around neck)
Wands
 p - a wand of iceblast (9)
 I - a wand of mindburst (3)
 J - a wand of paralysis (11)
 X - a wand of polymorph (9)
Scrolls
 a - a scroll of noise {unknown}
 b - 2 scrolls of magic mapping
 l - a scroll of identify
 s - a scroll of fog
 t - 2 scrolls of amnesia
 w - a scroll of butterflies
 x - a scroll of teleportation
 A - a scroll of torment {unknown}
 H - a scroll of blinking {unknown}
 T - a scroll of enchant armour {unknown}
 Y - a scroll of vulnerability {unknown}
 Z - a scroll of acquirement {unknown}
Potions
 e - 2 potions of invisibility
 g - a potion of flight {unknown}
 h - 2 potions of curing
 m - 2 potions of might
 u - a potion of berserk rage
 v - 2 potions of resistance
 G - a potion of haste {unknown}
 K - a potion of cancellation


   Skills:
 + Level 4.4 Fighting
 + Level 5.1(5.4) Short Blades
 + Level 2.5(4.1) Long Blades
 + Level 1.0 Axes
 + Level 0.6 Throwing
 + Level 5.2 Dodging
 + Level 4.9 Stealth
 * Level 3.7 Shields
 + Level 4.6 Unarmed Combat
 + Level 9.5 Spellcasting
 * Level 2.5 Conjurations
 * Level 5.1 Hexes
 + Level 4.4 Summonings
 + Level 5.0 Translocations
 + Level 6.6 Transmutations
 + Level 3.1 Fire Magic
 + Level 5.6 Ice Magic
 + Level 6.0 Air Magic
 + Level 3.8 Poison Magic
 + Level 4.4 Evocations


You couldn't memorise any spells.
You knew the following spells:

 Your Spells              Type           Power      Damage    Failure   Level
a - Beastly Appendage     Tmut           52%        N/A       1%          1
b - Wereblood             Tmut           26%        N/A       1%          2
c - Ice Form              Ice/Tmut       24%        N/A       14%         4
d - Ignite Poison         Fire/Tmut/Pois 20%        N/A       8%          3
e - Call Imp              Summ           38%        N/A       4%          2
f - Mephitic Cloud        Conj/Pois/Air  19%        N/A       10%         3
g - Foxfire               Conj/Fire      60%        2x1d7     5%          1
h - Tukima's Dance        Hex            21%        N/A       6%          3
i - Teleport Other        Tloc           21%        N/A       7%          3
j - Gell's Gravitas       Tloc           21%        N/A       7%          3
k - Freezing Cloud        Conj/Ice/Air   10%        6-21      58%         5

Your spell library contained the following spells:

 Spells                   Type           Power      Damage    Failure   Level
 Lesser Beckoning         Tloc           42%        N/A       3%          2
 Magic Dart               Conj           56%        1d5       6%          1
 Spider Form              Tmut/Pois      22%        N/A       6%          3
 Cigotuvi's Dreadful Rot  Necr/Pois/Air  32%        N/A       7%          2
 Passage of Golubria      Tloc           21%        N/A       22%         4
 Sublimation of Blood     Necr           6%         N/A       28%         2
 Stone Arrow              Conj/Erth      20%        3d8       32%         3
 Blade Hands              Tmut           13%        N/A       32%         5
 Yara's Violent Unravell  Hex/Tmut       12%        3d7       43%         5
 Alistair's Intoxication  Tmut/Pois      14%        N/A       52%         5
 Animate Dead             Necr           6%         N/A       89%         4
 Dispersal                Tloc           10%        N/A       98%         6
 Eringya's Noxious Bog    Tmut/Pois      11%        N/A       98%         6
 Borgnjor's Vile Clutch   Necr/Erth      3%         N/A       99%         5
 Haunt                    Necr/Summ      6%         N/A       100%        7
 Summon Hydra             Summ           9%         N/A       100%        7
 Ignition                 Fire           8%         3d5       100%        8
 Infestation              Necr           3%         N/A       100%        8
 Lehudib's Crystal Spear  Conj/Erth      5%         10d3      100%        8
 Animate Armour           Summ/Erth      Unusable   N/A       N/A         4

Dungeon Overview and Level Annotations

Branches:
Dungeon (11/15)            Temple (1/1) D:7            Lair (3/5) D:11
    Orc (0/2) D:9          Bailey (visited)
  Swamp: Lair:2-3    Shoals: Lair:2-3     Snake: Lair:2-3    Spider: Lair:2-3

Altars:
Ashenzari
Cheibriados
Dithmenos
Elyvilon
Fedhas
Gozag
Hepliaklqana
Kikubaaqudgha
Makhleb
Nemelex Xobeh
Okawaru
Qazlal
Ru
Sif Muna
Trog
Uskayaw
Vehumet
Wu Jian
Xom
Yredelemnul
Zin
The Shining One

Shops:
D:3 *   D:11 [

Annotations:
Lair:1 2 transporters
Lair:2 Amaemon


Innate Abilities, Weirdness & Mutations

You have temporarily grown beastly horns and talons.
You can breathe bolts of dispelling energy.
Your rich purple scales are hard. (AC +8)
You cannot fit into any form of body armour.
You are cold-blooded and may be slowed by cold attacks.
You are somewhat resistant to further mutation.
Your spells are a little easier to cast, but a little less powerful.


Message History

The five-headed hydra barely misses you.
You block the komodo dragon's attack.
Your magical contamination has completely faded away.
You swap places.
Your cerulean imp barely misses the komodo dragon.
The komodo dragon bites your cerulean imp!
The five-headed hydra attacks as you move away!
The five-headed hydra completely misses you. x3
The five-headed hydra misses you.
The five-headed hydra completely misses you.
Your cerulean imp hits the komodo dragon but does no damage.
The komodo dragon bites your cerulean imp!!
Your cerulean imp dies!
Your cerulean imp disappears in a puff of smoke!
Casting: Call Imp (safe; 4% risk of failure)
Confirm with . or Enter, or press ? or * to list all spells.
A tiny devil pulls itself out of the air.
You block the five-headed hydra's attack.
The five-headed hydra bites you! x2
* * * LOW HITPOINT WARNING * * *
You block the five-headed hydra's attack.
The five-headed hydra barely misses you.
The komodo dragon hisses menacingly.
Okay, then.
Okay, then.
You draw a card...
You have drawn the Cloud.
Clouds appear around you!
The five-headed hydra closely misses you.
The five-headed hydra bites you!
* * * LOW HITPOINT WARNING * * *
The five-headed hydra misses you. The five-headed hydra bites you!
* * * LOW HITPOINT WARNING * * *
You block the five-headed hydra's attack.
Your cerulean imp closely misses the five-headed hydra.
Okay, then.
It was a potion of berserk rage.
A red film seems to cover your vision as you go berserk!
You feel yourself moving faster!
You feel mighty! The five-headed hydra bites you!
You die...
Your body glows with a rainbow of weird colours and disappears.

.#...#.. ...>.... .##..#
<†...... ....... .....#..
......... ......... ##
###........
.........###.###......P.!.
.................5...#....
...........#...##§§.......
................@D§..#....
..#.####........#l§.....#
...## #.....#..#§§..#..#
#.............#
#......P#P..#.#
#.......#####... .
#.....>## .... .. #......#
..... ..## ##......# ....


You could see a five-headed hydra (ally target), a komodo dragon (very poisoned)
and a friendly cerulean imp (summoned).

Vanquished Creatures
  A hydra (Lair:2)
  2 two-headed ogres
  Sonja (Lair:2)
  A skyshark (Lair:2)
  An orc knight (Bailey)
  A cyclops (D:7)
  An orange demon (Lair:2)
  4 cane toads
  2 kobold demonologists
  2 gargoyles (D:10)
  2 komodo dragons (Lair:1)
  2 unseen horrors
  2 trolls
  4 blink frogs (Lair:1)
  4 hornets
  Sigmund (D:3)
  2 shadows
  A vampire (D:11)
  A hog (Lair:3)
  A basilisk (Lair:2)
  A fire bat (Lair:3)
  25 yaks
  An acid dragon (D:9)
  7 water moccasins
  17 orc warriors
  3 sky beasts
  An ogre (Lair:3)
  5 wolves (Lair:1)
  4 centaurs
  A tengu (Lair:3)
  2 phantoms
  14 kobold brigands
  2 gnoll sergeants
  7 bullfrogs
  A scorpion (D:11)
  3 wights (D:5)
  4 killer bees (D:9)
  3 electric eels (D:6)
  2 hounds (D:4)
  3 jellies
  7 orc priests
  3 iguanas
  Ijyb (D:3)
  2 sleepcaps
  11 orc wizards
  4 adders
  10 gnolls
  A shadow imp (D:6)
  A worm (D:2)
  A dart slug (D:4)
  49 orcs
  8 ball pythons
  3 endoplasms
  2 giant cockroaches
  3 hobgoblins
  4 jackals (D:4)
  18 kobolds
  7 quokkas
  6 bats
  3 frilled lizards (D:2)
  14 goblins
  9 rats
309 creatures vanquished.

Vanquished Creatures (collateral kills)
  A yak (D:9)
  A water moccasin (Lair:1)
  A wolf (Lair:1)
  A scorpion (D:11)
  A gnoll (D:7)
  3 orcs
  A goblin (D:8)
  3 kobolds
  A foxfire (D:6)
13 creatures vanquished.

Vanquished Creatures (others)
  A dancing weapon (D:8)
  An orc (D:9)
  184 foxfires
186 creatures vanquished.

Grand Total: 508 creatures vanquished

Notes
Turn   | Place    | Note
-------+----------+-------------------------------------------
     0 | D:1      | AiryTheDragon the Draconian Transmuter began the quest for
                  | the Orb.
     0 | D:1      | Reached XP level 1. HP: 16/16 MP: 3/3
   185 | D:1      | Reached XP level 2. HP: 20/23 MP: 3/5
   770 | D:2      | Learned a level 2 spell: Wereblood
   868 | D:2      | Reached XP level 3. HP: 26/28 MP: 2/6
  1397 | D:3      | Noticed Ijyb
  1405 | D:3      | Reached skill level 1 in Short Blades
  1405 | D:3      | Reached XP level 4. HP: 31/35 MP: 3/7
  1409 | D:3      | Killed Ijyb
  1410 | D:3      | Found Oneixt's Assorted Antiques.
  1426 | D:3      | Bought 2 sapphire potions for 50 gold pieces
  1426 | D:3      | Bought 2 sapphire potions for 50 gold pieces
  1692 | D:3      | Reached skill level 1 in Stealth
  1797 | D:3      | Noticed Sigmund
  1889 | D:3      | Killed Sigmund
  1890 | D:3      | Reached skill level 3 in Spellcasting
  1890 | D:3      | Reached XP level 5. HP: 33/40 MP: 9/9
  1890 | D:3      | Reached XP level 6. HP: 39/47 MP: 10/10
  2105 | D:3      | Got the Parchment of the Atmosphere and Poison
  2315 | D:3      | Learned a level 4 spell: Ice Form
  2319 | D:3      | Learned a level 3 spell: Ignite Poison
  2501 | D:3      | Bought a scroll labelled SARUG BOCEL for 28 gold pieces
  2501 | D:3      | Bought a scroll labelled YPAGHO OXKA for 28 gold pieces
  2625 | D:4      | Gained mutation: Your natural rate of healing is unusually
                  | fast. [potion of mutation]
  2625 | D:4      | Gained mutation: Your mind is acute. (Int +4, Str/Dex -1)
                  | [potion of mutation]
  2625 | D:4      | Gained mutation: You have hidden genetic potential. [potion
                  | of mutation]
  3076 | D:4      | Reached skill level 1 in Ice Magic
  3130 | D:4      | Learned a level 2 spell: Call Imp
  3131 | D:5      | Entered Level 5 of the Dungeon
  3131 | D:5      | Noticed a water moccasin
  3140 | D:5      | Killed a water moccasin
  3202 | D:5      | Your scales start taking on a rich purple colour.
  3202 | D:5      | Reached skill level 4 in Spellcasting
  3202 | D:5      | Reached XP level 7. HP: 54/55 MP: 11/13
  3206 | D:5      | Learned a level 3 spell: Mephitic Cloud
  3246 | D:5      | Gained mutation: Your mind is very acute. (Int +8, Str/Dex
                  | -2) [hidden potential]
  3247 | D:5      | Reached skill level 1 in Poison Magic
  3319 | D:5      | Reached skill level 1 in Long Blades
  3539 | D:5      | Reached XP level 8. HP: 60/61 MP: 15/15
  3541 | D:5      | Got the Anthology of the Calid Shapeshifter
  3954 | D:6      | Reached skill level 5 in Spellcasting
  3973 | D:6      | Gained mutation: You have great hidden genetic potential.
                  | [hidden potential]
  3973 | D:6      | Lost mutation: You have great hidden genetic potential.
                  | [hidden potential expressed]
  4174 | D:6      | Learned a level 1 spell: Foxfire
  5086 | D:7      | Reached skill level 1 in Air Magic
  5094 | D:7      | Reached skill level 1 in Summonings
  5228 | D:7      | Found a staircase to the Ecumenical Temple.
  5274 | D:7      | Reached XP level 9. HP: 63/68 MP: 5/17
  5283 | Temple   | Entered the Ecumenical Temple
  5359 | Temple   | Became a worshipper of Nemelex Xobeh the Trickster
  5585 | D:7      | Noticed a cyclops
  5591 | D:7      | Reached skill level 1 in Conjurations
  5599 | D:7      | Reached skill level 5 in Transmutations
  5605 | D:7      | Gained mutation: Your tail ends in a venomous barb. [hidden
                  | potential]
  5606 | D:7      | Reached skill level 6 in Spellcasting
  5606 | D:7      | Reached skill level 1 in Fire Magic
  5615 | D:7      | Killed a cyclops
  5871 | D:7      | Identified the +1 leather armour "Diathrugup" {Str+3 Int+4}
  5963 | D:8      | Reached skill level 5 in Ice Magic
  6316 | D:8      | Found a flagged portal.
  6346 | Bailey   | Entered a bailey
  6636 | Bailey   | Reached skill level 1 in Evocations
  6636 | Bailey   | Reached XP level 10. HP: 74/74 MP: 5/20
  6675 | Bailey   | Reached skill level 7 in Spellcasting
  6717 | Bailey   | Identified the +0 cloak "Yntic" {Rampage}
  6735 | Bailey   | Noticed an orc knight
  6749 | Bailey   | Killed an orc knight
  6763 | Bailey   | Gained mutation: Your flesh is heat resistant. (rF+)
                  | [hidden potential]
  6763 | Bailey   | Lost mutation: You have hidden genetic potential. [hidden
                  | potential expressed]
  6854 | Bailey   | Lost mutation: Your flesh is heat resistant. (rF+) [potion
                  | of mutation]
  6854 | Bailey   | Lost mutation: Your natural rate of healing is unusually
                  | fast. [potion of mutation]
  6854 | Bailey   | Gained mutation: You have sharp fingernails. [potion of
                  | mutation]
  6854 | Bailey   | Gained mutation: You have hidden genetic defects. [potion
                  | of mutation]
  6854 | Bailey   | Gained mutation: You occasionally lose the ability to read
                  | scrolls when taking damage. [potion of mutation]
  6854 | Bailey   | Lost mutation: You have hidden genetic defects. [potion of
                  | mutation]
  6855 | Bailey   | Lost mutation: You have sharp fingernails. [potion of
                  | mutation]
  6855 | Bailey   | Lost mutation: You occasionally lose the ability to read
                  | scrolls when taking damage. [potion of mutation]
  6855 | Bailey   | Lost mutation: Your tail ends in a venomous barb. [potion
                  | of mutation]
  6855 | Bailey   | Gained mutation: You have sharp toenails. [potion of
                  | mutation]
  6856 | Bailey   | Lost mutation: Your mind is very acute. (Int +8, Str/Dex
                  | -2) [potion of mutation]
  6856 | Bailey   | Lost mutation: Your mind is acute. (Int +4, Str/Dex -1)
                  | [potion of mutation]
  6856 | Bailey   | Gained mutation: Your system is resistant to poisons.
                  | (rPois) [potion of mutation]
  6856 | Bailey   | Gained mutation: Your spells are a little easier to cast,
                  | but a little less powerful. [potion of mutation]
  7090 | D:8      | Learned a level 3 spell: Tukima's Dance
  7094 | D:8      | Learned a level 3 spell: Teleport Other
  7102 | D:8      | Reached * piety under Nemelex Xobeh
  7315 | D:8      | Received a gift from Nemelex Xobeh
  7365 | D:8      | Reached skill level 5 in Air Magic
  7575 | D:8      | Found a shadowy altar of Dithmenos.
  7580 | D:8      | Found a blossoming altar of Fedhas.
  7580 | D:8      | Found a shimmering blue altar of Sif Muna.
  7593 | D:8      | Found a stormy altar of Qazlal.
  7596 | D:8      | Found an opulent altar of Gozag.
  7693 | D:9      | Found a staircase to the Orcish Mines.
  8451 | D:9      | Reached XP level 11. HP: 28/82 MP: 18/22
  8777 | D:9      | Reached skill level 8 in Spellcasting
  9404 | D:10     | Entered Level 10 of the Dungeon
  9820 | D:10     | Reached ** piety under Nemelex Xobeh
  9917 | D:10     | Reached skill level 1 in Hexes
  9925 | D:10     | Reached skill level 1 in Translocations
 10144 | D:10     | Noticed a two-headed ogre
 10154 | D:10     | Killed a two-headed ogre
 10155 | D:10     | Reached skill level 1 in Shields
 10909 | D:11     | Learned a level 3 spell: Gell's Gravitas
 10915 | D:11     | Noticed a two-headed ogre
 10928 | D:11     | Killed a two-headed ogre
 10929 | D:11     | Reached skill level 5 in Short Blades
 11462 | D:11     | Reached skill level 5 in Dodging
 11528 | D:11     | Found Mujeg's Antique Armour Shoppe.
 11625 | D:11     | Found a staircase to the Lair.
 11635 | Lair:1   | Entered Level 1 of the Lair of Beasts
 11920 | Lair:1   | Reached *** piety under Nemelex Xobeh
 12174 | Lair:1   | Identified the +6 hand axe "Adiquaq" {speed, Will+ Str+3
                  | Stlth+}
 12548 | Lair:1   | Reached skill level 1 in Axes
 12548 | Lair:1   | Reached XP level 12. HP: 32/92 MP: 15/24
 12633 | Lair:1   | Lost mutation: Your system is resistant to poisons. (rPois)
                  | [potion of mutation]
 12633 | Lair:1   | Lost mutation: You have sharp toenails. [potion of
                  | mutation]
 12633 | Lair:1   | Gained mutation: You are somewhat resistant to further
                  | mutation. [potion of mutation]
 12753 | Lair:1   | Identified the +6 quarterstaff of the Dark Horse {heavy,
                  | rPois Dex+3}
 12852 | Lair:1   | Found a transporter.
 12855 | Lair:1   | Found a transporter.
 12871 | Lair:1   | Noticed a boulder beetle
 12913 | Lair:1   | Reached skill level 9 in Spellcasting
 13424 | Lair:2   | Received a gift from Nemelex Xobeh
 13562 | Lair:2   | Noticed a seven-headed hydra
 13569 | Lair:2   | Noticed Amaemon
 13740 | Lair:2   | Noticed Sonja
 13755 | Lair:2   | Killed Sonja
 13906 | Lair:2   | Killed a seven-headed hydra
 13907 | Lair:2   | Reached skill level 5 in Hexes
 13923 | Lair:2   | Reached skill level 5 in Translocations
 13929 | Lair:2   | Learned a level 5 spell: Freezing Cloud
 14285 | Lair:2   | Received a gift from Nemelex Xobeh
 14291 | Lair:2   | Noticed a five-headed hydra
 14305 | Lair:2   | HP: 3/92 [five-headed hydra (10)]
 14306 | Lair:2   | Mangled by a five-headed hydra

Illustrated notes

Levels and vault maps discovered:
D:1:      matt_arrival_spirals, layout_basic
D:2:      layout_basic, minmay_tetromino_t2
D:3:      layout_loops_corners, serial_shops, shop, uniq_sigmund, uniq_ijyb
D:4:      layout_loops_cross
D:5:      layout_basic
D:6:      layout_basic, serial_park_tiny_1, roderic_roman_lattice,
          serial_bayou_ford_a
D:7:      layout_rooms, minmay_temple_entry_waves
D:8:      layout_loops_ring, minmay_overflow_temple_star_hex, enter_bailey_5,
          special_room [special_room_kobold], nicolae_underground_beach
D:9:      layout_basic, david_orc_3
D:10:     layout_loops_cross
D:11:     layout_rooms, grunt_lair_entry_orc_guard_hut, serial_shops, shop,
          nrook_loot_triangle
Temple:   sentei_temple_godly_chess
Lair:1:   gammafunk_boulding_lane, layout_misc_corridors, serial_rivers,
          chequers_serial_rivers_micro_c, chequers_serial_rivers_large_a,
          chequers_serial_rivers_small_a, chequers_serial_rivers_small_3,
          chequers_serial_rivers_micro_d, chequers_serial_rivers_micro_c,
          grunt_megastairs_2
Lair:2:   minmay_guarded_unrand_snakebite, layout_chaotic_city,
          palyth_hydra_swamp_entry, grunt_megastairs_4, uniq_sonja, uniq_amaemon
Lair:3:   mu_elephants_graveyard, layout_gridlike, spider_nest_entry_funnel_web,
          uniq_josephine

Skill      XL: |  1  2  3  4  5  6  7  8  9 10 11 12 |
---------------+-------------------------------------+-----
Dodging        | 2 3 4 5 |  5.2
Short Blades   | 1 2 3 4 5 |  5.1
Stealth        | 1 2 3 4 |  4.9
Spellcasting   | 3 4 5 6 7 8 9 |  9.5
Transmutations | 3 4 5 6 |  6.6
Ice Magic      | 1 2 4 5 |  5.6
Fighting       | 2 3 4 |  4.4
Poison Magic   | 2 3 |  3.8
Long Blades    | 1 2 |  2.5
Unarmed Combat | 4 |  4.6
Air Magic      | 2 3 5 6 |  6.0
Summonings     | 1 2 3 4 |  4.4
Conjurations   | 1 2 |  2.5
Fire Magic     | 2 3 |  3.1
Evocations     | 1 4 |  4.4
Hexes          | 4 5 |  5.1
Translocations | 3 5 |  5.0
Shields        | 2 3 |  3.7
Axes           | 1 |  1.0
Throwing       | |  0.6

Action                     |  1- 3 |  4- 6 |  7- 9 | 10-12 || total
---------------------------+-------+-------+-------+-------++-------
  Melee: Dagger            |    29 |       |       |       ||    29
         Headbutt          |     7 |     7 |    32 |    68 ||   114
         Kick              |     9 |    11 |    55 |   100 ||   175
         Unarmed           |     1 |       |    34 |    56 ||    91
         Short sword       |    65 |    67 |   167 |   351 ||   650
         Tailslap          |     5 |     3 |    35 |    74 ||   117
         Punch             |     1 |       |     3 |     5 ||     9
         Falchion          |       |     6 |     5 |    60 ||    71
         Hand axe          |       |       |       |     7 ||     7
  Throw: Boomerang         |       |     5 |       |       ||     5
         Throwing net      |       |       |       |     1 ||     1
   Cast: Beastly Appendage |    21 |    13 |    27 |    46 ||   107
         Wereblood         |     2 |     1 |    12 |     9 ||    24
         Call Imp          |       |     2 |    17 |    61 ||    80
         Ice Form          |       |       |     5 |     4 ||     9
         Ignite Poison     |       |       |     7 |    24 ||    31
         Foxfire           |       |       |    55 |    49 ||   104
         Mephitic Cloud    |       |       |    14 |    23 ||    37
         Tukima's Dance    |       |       |       |     2 ||     2
         Gell's Gravitas   |       |       |       |     2 ||     2
 Invoke: Draw Summoning    |       |       |       |     1 ||     1
         Draw Destruction  |       |       |       |     7 ||     7
         Draw Escape       |       |       |       |     1 ||     1
Ability: Breathe Dispellin |       |       |    10 |    15 ||    25
  Evoke: Wand              |       |     3 |       |    25 ||    28
    Use: Scroll            |       |     3 |     5 |    13 ||    21
         Potion            |       |     1 |     1 |    11 ||    13
   Stab: Sleeping          |       |     3 |     5 |     5 ||    13
         Confused          |       |       |     6 |    10 ||    16
         Distracted        |       |       |       |     1 ||     1
         Paralysed         |       |       |       |     2 ||     2
 Armour: Skin              |    33 |    25 |    70 |   148 ||   276
  Dodge: Dodged            |    60 |    38 |   128 |   298 ||   524
  Block: Kite shield       |       |       |       |    81 ||    81
